 Dungeon Crawl Stone Soup version 0.26-a0-778-g3fe0686644 (webtiles) character file.

Game seed: 16804816607886381251

256 lunkers the Digger (level 6, 0/36 HPs)
             Began as an Octopode Earth Elementalist on Nov 10, 2020.
             Was an Initiate of Vehumet.
             Slain by a worker ant (7 damage)
             ... on level 4 of the Dungeon.
             The game lasted 00:05:46 (3322 turns).

lunkers the Digger (Octopode Earth Elementalist)    Turns: 3322, Time: 00:05:46

Health: 0/36       AC:  1    Str:  7    XL:     6   Next: 16%
Magic:  6/11       EV: 13    Int: 19    God:    Vehumet [......]
Gold:   224        SH:  0    Dex: 13    Spells: 6/12 levels left

rFire    . . .     SeeInvis .   k - +1 dagger (venom)
rCold    . . .     Faith    .   (no shield)
rNeg     . . .     Spirit   .   (helmet restricted)
rPois    .         Reflect  .   (no amulet)
rElec    .         Harm     .   (no ring)
rCorr    .         Rampage  .   (no ring)
MR       .....                  (no ring)
Stlth    +++.......             (no ring)
HPRegen  0.12/turn              (no ring)
MPRegen  0.12/turn              (no ring)
                                (no ring)
                                (no ring)

@: no status effects
A: almost no armour, stealthy swim, amphibious, 8 rings, constrict 8, camouflage
1, gelatinous body 1
a: Renounce Religion


You were on level 4 of the Dungeon.
You worshipped Vehumet.
Vehumet was noncommittal.
You visited 1 branch of the dungeon, and saw 4 of its levels.

You collected 224 gold pieces.

Inventory:

Hand Weapons
 k - a +1 dagger of venom (weapon)
Missiles
 b - 46 stones (quivered)
Wands
 l - a wand of disintegration (10)
Scrolls
 a - 4 scrolls of remove curse {unknown}
 f - a scroll of enchant weapon {unknown}
 g - a scroll of magic mapping {unknown}
 i - a scroll of enchant armour {unknown}
 j - a scroll of identify {unknown}
 m - a scroll of fog {unknown}
 n - a scroll of amnesia {unknown}
Potions
 c - a potion of heal wounds {unknown}
 d - a potion of mutation {unknown}
 e - 3 potions of curing
 h - a potion of haste {unknown}


   Skills:
 - Level 2.0 Dodging
 - Level 2.6 Stealth
 + Level 3.6 Spellcasting
 - Level 1.0 Transmutations
 * Level 5.7 Earth Magic


You had 6 spell levels left.
You knew the following spells:

 Your Spells              Type           Power        Failure   Level
a - Sandblast             Erth           ####..       1%          1
b - Passwall              Tmut/Erth      ###.....     5%          2
c - Stone Arrow           Conj/Erth      ##....       13%         3

Your spell library contained the following spells:

 Spells                   Type           Power        Failure   Level
 Animate Skeleton         Necr           #.....       14%         1
 Apportation              Tloc           #.....       14%         1
 Corona                   Hex            #......      14%         1
 Summon Small Mammal      Summ           #...         14%         1
 Petrify                  Tmut/Erth      ###.....     34%         4
 Lee's Rapid Deconstruct  Erth           ####......   36%         5
 Confusing Touch          Hex            #.......     41%         3
 Gell's Gravitas          Tloc           #.........   41%         3
 Yara's Violent Unravell  Hex/Tmut       #.........   97%         5
 Metabolic Englaciation   Hex/Ice        #.........   99%         5


Dungeon Overview and Level Annotations

Branches:
Dungeon (4/15)             Temple (0/1) D:4

Altars:
Cheibriados
Elyvilon
Kikubaaqudgha
Trog
Vehumet
The Shining One

Annotations:
D:3 Grinder, Sigmund


Innate Abilities, Weirdness & Mutations

You cannot wear most types of armour.
You are very stealthy in the water. (Stealth+)
You are amphibious.
You can wear up to eight rings at the same time.
You can use your tentacles to constrict eight enemies at once.
Your skin changes colour to match your surroundings (Stealth+).
Your rubbery body absorbs attacks. (AC +1, EV +1)


Message History

Aiming: Sandblast (safe; 1% risk of failure)
Press: ? - help, Shift-Dir - straight line, f/p - worker ant
Aim: a worker ant The blast of sand hits the worker ant!
The worker ant is severely wounded.
b - 47 stones The orc wizard completely misses you.
The worker ant closely misses you.
Unknown command.
Casting: Sandblast (safe; 1% risk of failure)
Confirm with . or Enter, or press ? or * to list all spells.
Aiming: Sandblast (safe; 1% risk of failure)
Press: ? - help, Shift-Dir - straight line, f/p - worker ant
Aim: a worker ant (severely wounded)
The blast of sand hits the worker ant.
The worker ant is almost dead.
b - 46 stones The orc wizard hits you with a +0 dagger.
* * * LOW HITPOINT WARNING * * *
The worker ant bites you!
You die...

#.#........).≈≈.≈≈_#....#.
#####...##.......≈≈≈≈≈##......
.............#....≈≈≈.........
........)###......>........#..
#######......###..............
##......#..............#
###..###..............#..
#......oB#####........#..
########.......@#
##.........#..
#..........(....#
#..#######....
#......#........###.## ####.
#<.....#........#...####..
.....
#......###...............#
#####
#......)...####..._.....##
#......##### ##).)......##
#......# #...........#
#......# #....8....#.#


You could see a worker ant and an orc wizard (fast).

Vanquished Creatures
  A hound (D:4)
  A centaur skeleton (D:4)
  2 orc wizards (D:4)
  A worker ant (D:4)
  4 adders
  An ooze (D:4)
  A worm (D:2)
  2 dart slugs
  5 leopard geckos
  7 orcs
  4 giant cockroaches
  4 goblins
  7 hobgoblins
  3 jackals (D:2)
  5 kobolds
  A quokka (D:2)
  A ball python (D:1)
  7 bats
  2 frilled lizards
  A quokka skeleton (D:4)
  6 rats
66 creatures vanquished.

Notes
Turn   | Place    | Note
-------+----------+-------------------------------------------
     0 | D:1      | lunkers the Octopode Earth Elementalist began the quest for
                  | the Orb.
     0 | D:1      | Reached XP level 1. HP: 11/11 MP: 3/3
   128 | D:1      | Reached XP level 2. HP: 17/17 MP: 3/5
   667 | D:1      | Found a glowing golden altar of the Shining One.
   902 | D:2      | Reached XP level 3. HP: 21/21 MP: 2/6
   947 | D:2      | Found a bloodstained altar of Trog.
  1037 | D:2      | Reached skill level 4 in Earth Magic
  1333 | D:2      | Found a radiant altar of Vehumet.
  1353 | D:2      | Became a worshipper of Vehumet
  1423 | D:2      | Reached XP level 4. HP: 27/27 MP: 4/8
  2115 | D:3      | Noticed Grinder
  2222 | D:3      | Noticed Sigmund
  2574 | D:4      | Found a staircase to the Ecumenical Temple.
  2632 | D:4      | Found a snail-covered altar of Cheibriados.
  2682 | D:4      | Reached XP level 5. HP: 15/31 MP: 6/9
  3006 | D:4      | Learned a level 2 spell: Passwall
  3010 | D:4      | Learned a level 3 spell: Stone Arrow
  3018 | D:4      | Reached skill level 5 in Earth Magic
  3071 | D:4      | Found an ancient bone altar of Kikubaaqudgha.
  3078 | D:4      | Found a white marble altar of Elyvilon.
  3160 | D:4      | Reached XP level 6. HP: 20/36 MP: 5/11
  3322 | D:4      | Slain by a worker ant

Illustrated notes

Levels and vault maps discovered:
D:1:      lightli_arrival_statuegarden, layout_basic, tso_altar
D:2:      layout_basic, lemuel_crystal_altar, vehumet_crystals
D:3:      layout_loops_cross, serial_forest, infiniplex_forest_straight_1,
          infiniplex_forest_clump_medium, infiniplex_forest_join,
          infiniplex_forest_clump_curved, infiniplex_forest_clump_tiny,
          infiniplex_forest_end_2, uniq_natasha, uniq_sigmund, uniq_grinder
D:4:      layout_rooms, kennysheep_slug_shrine, nicolae_overflow_hidden_temple,
          grunt_temple_overflow_open, minmay_temple_entry_junction, sigmund_army

Skill      XL: |  1  2  3  4  5 |
---------------+----------------+-----
Earth Magic    | 4 5 |  5.7
Spellcasting   | 3 |  3.6
Dodging        | |  2.0
Stealth        | |  2.6
Transmutations | |  1.0

Action                   |  1- 3 |  4- 6 || total
-------------------------+-------+-------++-------
Melee: Dagger            |       |    17 ||    17
       Tentacles         |       |     5 ||     5
       Unarmed           |       |     4 ||     4
       Constrict         |       |     6 ||     6
 Cast: Sandblast         |    44 |    47 ||    91
  Use: Potion            |       |     1 ||     1
 Stab: Sleeping          |       |     3 ||     3
Armor: Skin              |       |     2 ||     2
Dodge: Dodged            |     3 |    32 ||    35

Table legend: (Time is in decaauts)
 A = Elapsed time spent in this place.
 B = Non-inter-level travel time spent in this place.
 C = Inter-level travel time spent in this place.
 D = Time resting spent in this place.
 E = Time spent auto-exploring this place.
 F = Levels seen in this place.
 G = Mean time per level.
                   A        B        C        D        E       F      G
               +--------+--------+--------+--------+--------+-----+--------+
         Total |   3321 |   3269 |     52 |    283 |   2440 |   4 |  830.2 |
       Dungeon |   3321 |   3269 |     52 |    283 |   2440 |   4 |  830.2 |
               +--------+--------+--------+--------+--------+-----+--------+

Top non-repeatable levels by time:
     D:2: 1432 daAuts
     D:1: 894 daAuts
     D:4: 747 daAuts
     D:3: 247 daAuts
